 Dungeon Crawl Stone Soup version 0.19-a0-1013-g40768a3 (webtiles) character file.

318 Gagarin the Shooter (level 6, -5/50 HPs)
             Began as a Centaur Hunter on July 24, 2016.
             Slain by Prince Ribbit (11 damage)
             ... on level 5 of the Dungeon.
             The game lasted 00:10:10 (3126 turns).

Gagarin the Shooter (Centaur Hunter)                Turns: 3126, Time: 00:10:11

Health: -5/50      AC: 11    Str: 20    XL:     6   Next: 21%
Magic:  6/6        EV:  6    Int: 10    God:
Gold:   121        SH:  0    Dex: 12    Spells: 0 memorised, 5 levels left

rFire  . . .     SeeInvis .     e - +0 halberd
rCold  . . .     Gourm    .     b - +1 chain mail of Amelioration {rPois Str+4 Dex+2} (curse)
rNeg   . . .     Faith    .     (shield currently unavailable)
rPois  +         Spirit   .     C - +1 helmet
rElec  .         Dismiss  .     (no cloak)
rCorr  .         Reflect  .     p - +0 pair of gloves
SustAt .         Harm     .     (no barding)
MR     .....                    (no amulet)
Stlth  ..........               (no ring)
                                (no ring)

@: very quick, not resistant to hostile enchantments, extremely unstealthy
A: hooves 3, deformed body, speed 2, tough skin 3
a: no special abilities


You were on level 5 of the Dungeon.
You were very hungry.

You visited 1 branch of the dungeon, and saw 7 of its levels.

You collected 121 gold pieces.

Inventory:

Hand Weapons
 a - a +1 shortbow
 e - a +0 halberd (weapon)
Armour
 b - the cursed +1 chain mail of Amelioration (worn) {rPois Str+4 Dex+2}
   (You found it on level 4 of the Dungeon)

   It affects your strength (+4).
   It affects your dexterity (+2).
   It protects you from poison.
   It has a curse placed upon it.
 c - a +0 leather armour
 p - a +0 pair of gloves (worn)
 t - a cursed +0 scale mail
 u - a +2 robe of positive energy
 C - a +1 helmet (worn)
Jewellery
 k - an uncursed ring of protection from fire {unknown}
 x - an uncursed ring of stealth {unknown}
 y - a +4 ring of slaying {unknown}
Scrolls
 i - 5 scrolls of identify
 q - 2 scrolls of magic mapping {unknown}
Potions
 h - 5 potions of brilliance {unknown}
 j - 2 potions of curing {unknown}
 o - 2 potions of agility {unknown}
 s - a potion of degeneration {unknown}
 w - 2 potions of lignification {unknown}
 z - a potion of berserk rage {unknown}
Books
 B - a book of Beasts

   Spells                             Type                      Level
   a - Summon Butterflies             Summoning                    1
   b - Call Canine Familiar           Summoning                    3
   c - Summon Ice Beast               Ice/Summoning                4
   d - Summon Mana Viper              Hexes/Summoning              5
   e - Summon Hydra                   Summoning                    7
Comestibles
 f - 4 bread rations
 l - a beef jerky
 n - a meat ration
 r - a slice of pizza


   Skills:
 + Level 2.9 Fighting
 + Level 1.6 Polearms
 + Level 7.9 Bows
 + Level 0.2 Throwing
 + Level 0.2 Armour
 + Level 2.5 Dodging
 + Level 0.7 Stealth


You had 5 spell levels left.
You didn't know any spells.

Dungeon Overview and Level Annotations

Branches:
Dungeon (7/15)
 Temple: D:4-7

Altars:
Ashenzari
Cheibriados
Fedhas

Annotations:
D:5 Prince Ribbit
D:6 vatarom's ghost, novice DsMo


Innate Abilities, Weirdness & Mutations

You have hooves in place of feet.
Armour fits poorly on your strangely shaped body.
You cover ground very quickly.
You have extremely tough skin. (AC +3)


Message History

Aim: Prince Ribbit (heavily wounded)
You reach to attack!
You closely miss Prince Ribbit.
Prince Ribbit is heavily wounded.
Prince Ribbit hits you!
* * * LOW HITPOINT WARNING * * *
You are too injured to fight recklessly!
You are too injured to fight recklessly!
You are too injured to fight recklessly!
Your chain mail of Amelioration prevents you from hitting Prince Ribbit.
Prince Ribbit is heavily wounded.
Prince Ribbit hits you.
* * * LOW HITPOINT WARNING * * *
Prince Ribbit hops awkwardly around.
Prince Ribbit barely misses you.
You closely miss Prince Ribbit.
Prince Ribbit is heavily wounded.
Prince Ribbit hits you.
* * * LOW HITPOINT WARNING * * *
Prince Ribbit hits you!
You die...

..(. ...
.. #.#
..#+#
#.#.#
#(F.#
######@.#
........>#
######.#.#
#.#.#
#.#.#
#.#.#
#.#.#
#.#.# ..#


You could see Prince Ribbit.

Vanquished Creatures
  A giant frog (D:6)
  A howler monkey (D:4)
  An orc priest (D:6)
  An orc wizard (D:6)
  Jessica (D:2)
  3 gnolls (D:3)
  2 adders (D:3)
  An ooze (D:1)
  A dart slug (D:3)
  3 giant geckos (D:2)
  9 orcs
  10 bats
  3 giant cockroaches
  9 goblins
  5 hobgoblins
  2 jackals (D:2)
  8 kobolds
  A quokka (D:2)
  3 ball pythons
  4 giant newts
  4 rats
73 creatures vanquished.

Notes
Turn   | Place    | Note
-------+----------+-------------------------------------------
     0 | D:1      | Gagarin the Centaur Hunter began the quest for the Orb.
     0 | D:1      | Reached XP level 1. HP: 17/17 MP: 1/1
    82 | D:1      | Found a shattered altar of Ashenzari.
   129 | D:1      | Reached XP level 2. HP: 22/24 MP: 2/2
   169 | D:1      | Reached skill level 6 in Bows
  1020 | D:2      | Reached XP level 3. HP: 28/29 MP: 3/3
  1046 | D:2      | Noticed Jessica
  1054 | D:2      | Killed Jessica
  1167 | D:2      | Reached skill level 7 in Bows
  1266 | D:2      | Reached XP level 4. HP: 35/36 MP: 4/4
  2270 | D:3      | Reached XP level 5. HP: 34/42 MP: 5/5
  2587 | D:4      | Got a translucent chain mail
  2588 | D:4      | Identified the cursed +1 chain mail of Amelioration {rPois Str+4 Dex+2} (You found it on level 4 of the Dungeon)
  2753 | D:4      | You fall through a shaft for 3 floors!
  2766 | D:7      | Found a blossoming altar of Fedhas.
  2770 | D:7      | Noticed a sky beast
  2837 | D:6      | Noticed vatarom's ghost (novice DsMo)
  2837 | D:6      | Reached skill level 1 in Polearms
  2856 | D:6      | Found a snail-covered altar of Cheibriados.
  2942 | D:6      | Noticed an orc warrior
  2952 | D:6      | Reached XP level 6. HP: 27/50 MP: 6/6
  3112 | D:5      | Entered Level 5 of the Dungeon
  3112 | D:5      | Noticed Prince Ribbit
  3126 | D:5      | Slain by Prince Ribbit

Vault maps used:
D:1:      ncdulo_halloftheorcs, serial_bayou_pond_a, serial_bayou_pond_a,
          evilmike_ruin_ashenzari
D:2:      uniq_jessica
D:3:      first_bread
D:4:      lemuel_crystal_altar
D:5:      serial_shops, shop, uniq_sigmund, uniq_prince_ribbit1,
          uniq_crazy_yiuf_cottage, uniq_menkaure
D:6:      lemuel_coloured_pillars_altar, nicolae_overflow_quartered_altars,
          uniq_edmund, uniq_eustachio
D:7:      kennysheep_mini_moat, basic_altar, uniq_pikel

Skill      XL: |  1  2  3  4  5 |
---------------+----------------+-----
Bows           | 6 7 |  7.9
Dodging        | 2 |  2.5
Polearms       | 1 |  1.6
Fighting       | |  2.9
Throwing       | |  0.2
Armour         | |  0.2
Stealth        | |  0.7

Action                   |  1- 3 |  4- 6 || total
-------------------------+-------+-------++-------
Melee: Trident           |       |    44 ||    44
       Halberd           |       |   101 ||   101
       Kick              |       |    20 ||    20
 Fire: Shortbow          |    91 |    74 ||   165
Throw: Throwing net      |       |     1 ||     1
  Use: Scroll            |       |     4 ||     4
  Eat: Chunk             |       |     4 ||     4
Armor: Leather armour    |    14 |       ||    14
       Robe              |     1 |    70 ||    71
       Chain mail        |       |    57 ||    57
Dodge: Dodged            |    15 |   103 ||   118
